 Dungeon Crawl Stone Soup version 0.17.0-28-g6e173f8 (console) character file.

971 Cab the Destroyer (level 7, 0/36 HPs)
             Began as a Deep Elf Conjurer on Nov 28, 2015.
             Was a Follower of Vehumet.
             Killed from afar by an orc wizard (10 damage)
             ... with a magic dart
             ... on level 7 of the Dungeon.
             The game lasted 00:31:04 (4651 turns).

Cab the Destroyer (Deep Elf Conjurer)               Turns: 4651, Time: 00:31:05

Health: 0/36       AC:  5    Str:  5    XL:     7   Next: 94%
Magic:  3/19       EV: 13    Int: 22    God:    Vehumet [*.....]
Gold:   363        SH:  0    Dex: 15    Spells: 4 memorised, 9 levels left

rFire  . . .     SeeInvis .     o - +3 mace (holy)
rCold  + . .     Clarity  .     a - +0 robe
rNeg   . . .     SustAt   .     (no shield)
rPois  .         Gourm    .     (no helmet)
rElec  .         Spirit   .     (no cloak)
rCorr  .         Warding  .     D - +0 pair of gloves
rMut   +         Stasis   .     t - +1 pair of boots
MR     .....                    B - amulet of resist mutation
Stlth  ++........               (no ring)
                                x - ring of protection from cold

@: very slightly contaminated, not resistant to hostile enchantments, unstealthy
A: no striking features
a: Renounce Religion


You were on level 7 of the Dungeon.
You worshipped Vehumet.
Vehumet was aware of your devotion.
You were not hungry.

You visited 2 branches of the dungeon, and saw 8 of its levels.

You collected 363 gold pieces.

Inventory:

Hand Weapons
 i - a +3 vampiric dagger
 o - a +3 mace of holy wrath (weapon)
Armour
 a - a +0 robe (worn)
 t - a +1 pair of boots (worn)
 D - a +0 pair of gloves (worn)
Magical Staves
 A - an uncursed staff of death
Jewellery
 q - a +3 ring of protection {unknown}
 r - an uncursed ring of ice {unknown}
 x - a ring of protection from cold (left hand)
 B - an amulet of resist mutation (around neck)
Scrolls
 k - a scroll of magic mapping
 w - a scroll of recharging
 y - a scroll of amnesia
Potions
 d - 2 potions of heal wounds {unknown}
 e - 4 potions of curing
 f - 2 potions of lignification {unknown}
 j - a potion of haste {unknown}
 l - a potion of cure mutation {unknown}
 m - a potion of brilliance {unknown}
 n - a potion of resistance {unknown}
 p - a potion of poison {unknown}
 u - a potion of cancellation {unknown}
 v - a potion of might {unknown}
 z - a potion of agility {unknown}
Books
 b - a book of Conjurations

   Spells                             Type                      Level
   a - Magic Dart                     Conjuration                  1
   b - Searing Ray                    Conjuration                  2
   c - Dazzling Spray                 Conjuration/Hexes            3
   d - Fulminant Prism                Conjuration/Hexes            4
   e - Iskenderun's Mystic Blast      Conjuration                  4
   f - Iskenderun's Battlesphere      Conjuration/Charms           5
Comestibles
 c - 7 bread rations
 g - a meat ration
 s - 3 beef jerkies
 C - a slice of pizza


   Skills:
 - Level 0.2 Maces & Flails
 - Level 2.4 Dodging
 - Level 2.4 Stealth
 + Level 6.9 Spellcasting
 * Level 9.1 Conjurations
 + Level 3.1 Hexes


You had 9 spell levels left.
You knew the following spells:

 Your Spells              Type           Power        Failure   Level  Hunger
a - Magic Dart            Conj           ####         1%          1    None
b - Searing Ray           Conj           #####.       1%          2    None
c - Dazzling Spray        Conj/Hex       ####....     1%          3    None
d - Iskenderun's Mystic   Conj           #####...     1%          4    ###....


Dungeon Overview and Level Annotations

Branches:
Dungeon (7/15)             Temple (1/1) D:7

Altars:
Ashenzari
Kikubaaqudgha
Makhleb
Nemelex Xobeh
Okawaru
Vehumet
Yredelemnul
Jiyva

Shops:
D:4 :


Message History

A gnoll comes into view. It is wielding a club.
Drink which item? (? for menu, Esc to quit)
It was a potion of curing.
You feel better.
The orc wizard hits you but does no damage.
The gnoll sergeant hits you from afar with a trident!
The orc priest hits you with a mace.
Casting: Dazzling Spray
Confirm with . or Enter, or press ? or * to list all spells.
You don't have enough magic to cast that spell.
Read which item? (? for menu, Esc to quit)
Blink to where?
Press: ? - help, Dir - move target cursor You are very lightly contaminated with residual magic.
As you read the scroll of blinking, it crumbles to dust.
The gnoll shouts!
The gnoll hits you with a club.
* * * LOW HITPOINT WARNING * * *
The orc wizard points at you and mumbles some strange words.
The magic dart hits you!
You die... ▒∙∙∙▒ ▒∙#∙▒ ▒▒▒▒▒▒oo∙▒▒▒▒ ∙∙▒ ∙∙∙∙∙∙g∙∙∙∙∙▒ ∙∙▒ ▒∙∙∙⌠∙∙>∙∙⌠∙▒∙∙∙▒ ▒∙∙∙∙∙[∙∙∙∙∙▒∙∙∙▒ ▒∙▒▒▒▒∙∙∙▒▒▒▒∙∙∙▒▒▒ ▒ ▒∙⌠∙▒ ∙∙∙∙∙∙∙

▒▒▒▒@g∙▒▒▒∙∙∙∙∙∙∙
▒∙▒▒∙▒∙∙∙∙∙∙r∙∙∙∙
▒
▒∙▒▒∙▒▒▒▒▒▒[∙%▒▒▒
▒∙▒∙▒▒∙▒ )∙▒
▒∙▒∙▒▒∙▒ ∙▒
▒▒▒▒▒▒▒ ▒∙∙∙∙∙∙▒
∙∙ ∙∙∙∙∙∙▒
▒▒▒)▒▒▒▒ ∙▒
▒▒▒▒▒∙▒ ▒∙▒▒▒▒▒▒
▒ ∙∙∙▒▒∙▒
▒▒▒▒▒∙∙∙∙∙∙▒


You could see a gnoll sergeant, an orc priest, an orc wizard and a gnoll.

Vanquished Creatures
  A sky beast (D:4)
  2 ogres
  2 phantoms (D:4)
  A scorpion (D:7)
  3 wights (D:6)
  A centaur zombie (D:6)
  A jelly (D:5)
  A centaur skeleton (D:4)
  An orc wizard (D:4)
  4 worker ants
  5 adders
  A worker ant zombie (D:5)
  An adder zombie (D:6)
  An adder skeleton (D:4)
  3 worms
  2 giant geckos
  8 orcs
  2 ball pythons
  7 giant cockroaches
  5 hobgoblins
  9 jackals
  3 kobolds
  A quokka (D:3)
  8 bats
  4 giant newts
  7 goblins
  A quokka skeleton (D:4)
  10 rats
95 creatures vanquished.

Notes
Turn   | Place    | Note
--------------------------------------------------------------
     0 | D:1      | Cab the Deep Elf Conjurer began the quest for the Orb.
     0 | D:1      | Reached XP level 1. HP: 10/10 MP: 6/6
   164 | D:1      | Reached XP level 2. HP: 10/15 MP: 2/8
   168 | D:1      | Learned a level 2 spell: Searing Ray
   292 | D:1      | Reached skill level 5 in Conjurations
   890 | D:2      | Reached XP level 3. HP: 19/19 MP: 5/9
  1449 | D:3      | Found a sparkling altar of Nemelex Xobeh.
  1518 | D:3      | Learned a level 3 spell: Dazzling Spray
  1528 | D:3      | Reached XP level 4. HP: 24/24 MP: 5/11
  1692 | D:3      | Reached skill level 6 in Conjurations
  1749 | D:3      | Reached skill level 1 in Hexes
  1780 | D:3      | Found a radiant altar of Vehumet.
  1793 | D:3      | Became a worshipper of Vehumet
  1923 | D:3      | Found an iron altar of Okawaru.
  2035 | D:4      | Noticed a phantom
  2060 | D:4      | Killed a phantom
  2060 | D:4      | Reached XP level 5. HP: 10/28 MP: 0/13
  2173 | D:4      | Found a burning altar of Makhleb.
  2247 | D:4      | Reached skill level 7 in Conjurations
  2450 | D:4      | Noticed a sky beast
  2459 | D:4      | Killed a sky beast
  2459 | D:4      | Reached skill level 5 in Spellcasting
  2459 | D:4      | Reached XP level 6. HP: 32/32 MP: 3/15
  2600 | D:4      | Learned a level 4 spell: Iskenderun's Mystic Blast
  2905 | D:4      | Found Wenomut's Book Shop.
  3130 | D:4      | Reached skill level 8 in Conjurations
  3232 | D:5      | Entered Level 5 of the Dungeon
  3447 | D:5      | Reached XP level 7. HP: 36/36 MP: 12/17
  4509 | D:7      | Reached skill level 9 in Conjurations
  4517 | D:7      | Found a staircase to the Ecumenical Temple.
  4541 | Temple   | Entered the Ecumenical Temple
  4641 | D:7      | Reached * piety under Vehumet
  4641 | D:7      | Offered knowledge of Sting by Vehumet.
  4651 | D:7      | Killed from afar by an orc wizard

Action                   |  1- 3 |  4- 6 |  7- 9 || total
-------------------------+-------+-------+-------++-------
Melee: Unarmed           |     8 |       |       ||     8
       Mace              |       |    13 |     8 ||    21
 Cast: Magic Dart        |    75 |    92 |    17 ||   184
       Searing Ray       |     5 |     1 |     1 ||     7
       Dazzling Spray    |       |    11 |    21 ||    32
       Iskenderun's Myst |       |     3 |     6 ||     9
  Use: Scroll            |       |     8 |     5 ||    13
       Potion            |       |       |     1 ||     1
 Stab: Invisible         |       |     2 |       ||     2
  Eat: Chunk             |     2 |     6 |       ||     8
       Fruit             |       |       |     6 ||     6
